 Dungeon Crawl Stone Soup version 0.25.1-2-g60ff931df9 (webtiles) character file.

Game seed: 2383338157058970383

9744 sahdkjhfkaj the Demolition Dwarf (level 11, -1/97 HPs)
             Began as a Deep Dwarf Fighter on Sept 26, 2020.
             Was an Elder of Makhleb.
             Slain by an ancient zyme (4 damage)
             ... on level 1 of the Abyss.
             The game lasted 00:13:16 (7332 turns).

sahdkjhfkaj the Demolition Dwarf (DDFi)             Turns: 7332, Time: 00:13:16

Health: -1/97      AC: 11    Str: 28    XL:     11   Next: 27%
Magic:  12/12      EV: 11    Int: 10    God:    Makhleb [****..]
Gold:   883        SH: 13    Dex: 18    Spells: 10/10 levels left

rFire    . . .     SeeInvis .   a - +0 war axe
rCold    . . .     Gourm    .   c - +0 kite shield
rNeg     . . .     Faith    .   I - +0 chain mail
rPois    .         Spirit   .   (no helmet)
rElec    .         Reflect  .   x - +0 cloak
rCorr    .         Harm     .   (no gloves)
MR       +....                  (no boots)
Stlth    ..........             (no amulet)
HPRegen  0.00/turn              t - +6 ring of strength
MPRegen  0.13/turn              e - +6 ring of dexterity

@: non-regenerating, badly diseased
A: damage resistance, heal wounds, sense surroundings 2, no regeneration
a: Heal Wounds, Minor Destruction, Lesser Servant of Makhleb, Major Destruction,
Renounce Religion


You were on level 1 of the Abyss.
You worshipped Makhleb.
Makhleb was greatly pleased with you.
You were not hungry.

You visited 2 branches of the dungeon, and saw 10 of its levels.
You visited the Abyss 2 times.
You also visited: Sewer.

You collected 993 gold pieces.
You spent 110 gold pieces at shops.

Inventory:

Hand Weapons
 a - a +0 war axe (weapon)
Missiles
 z - 4 throwing nets (quivered)
Armour
 c - a +0 kite shield (worn)
 x - a +0 cloak (worn)
 I - a +0 chain mail (worn)
Jewellery
 e - a +6 ring of dexterity (right hand)
 t - a +6 ring of strength (left hand)
 y - an uncursed ring of flight
 G - an uncursed ring of see invisible
Wands
 b - a wand of flame (8)
 h - a wand of enslavement (6)
 H - a wand of digging (7)
Scrolls
 i - 5 scrolls of fear
 l - 2 scrolls of enchant weapon
 p - 2 scrolls of amnesia
 q - 3 scrolls of teleportation
 r - 5 scrolls of remove curse
 u - 2 scrolls of noise
 w - 3 scrolls of enchant armour
 B - a scroll of immolation
 D - a scroll of blinking
Potions
 d - 5 potions of might
 g - 2 potions of haste
 j - 3 potions of mutation
 k - 3 potions of curing
 m - a potion of berserk rage
 n - 2 potions of flight
 o - a potion of ambrosia
 s - 3 potions of lignification
 E - a potion of degeneration {unknown}
Comestibles
 f - 13 rations


   Skills:
 - Level 5.8 Fighting
 - Level 9.2 Axes
 - Level 7.1 Armour
 - Level 6.0 Dodging
 - Level 9.4 Shields
 + Level 10.9 Invocations
 - Level 5.0 Evocations


You had 10 spell levels left.
You didn't know any spells.
Your spell library contained the following spells:

 Spells                   Type           Power        Failure   Level  Hunger
 Magic Dart               Conj           #...         98%         1    ##.....
 Blink                    Tloc           N/A          99%         2    ###....
 Call Imp                 Summ           #.......     99%         2    ###....
 Slow                     Hex            #.......     99%         2    ###....
 Conjure Flame            Conj/Fire      #.......     100%        3    ####...
 Mephitic Cloud           Conj/Pois/Air  #.......     100%        3    ####...


Dungeon Overview and Level Annotations

Branches:
Dungeon (8/15)             Temple (0/1) D:6            Lair (2/6) D:8
  Sewer (visited)
  Swamp: Lair:2-4    Shoals: Lair:2-4     Snake: Lair:2-4    Spider: Lair:2-4

Altars:
Makhleb
Xom

Shops:
D:4 ?   D:5 ?

Annotations:
D:8 Psyche


Innate Abilities, Weirdness & Mutations

You are resistant to damage.
You can heal yourself by infusing magical energy.
You passively map the area around you.
You do not regenerate.


Message History

The thrashing horror barely misses you.
The ancient zyme hits you but does no damage.
The ancient zyme hits you.
* * * LOW HITPOINT WARNING * * *
The ancient zyme completely misses you. You block the ancient zyme's attack.
Unknown command.
Unknown command.
Unknown command.
Unknown command.
You block the ancient zyme's attack. The ancient zyme hits you.
You hit the ancient zyme but do no damage.
The ancient zyme is severely damaged.
The ancient zyme hits you but does no damage.
The ancient zyme barely misses you.
Unknown command.
Unknown command.
Your shield and chain mail prevent you from hitting the ancient zyme.
The ancient zyme is severely damaged.
The ancient zyme hits you.
You die...

.#. ### # #..
.#.## #.##. .
.### #
########.#.##
.. #(. .
##.#.#.. #
.#.###......
###.#..#..#.
#... .
.#.#x#.##...#
. #..@.# # .
###.#.#...
...
#.#...#..#...
.............
. #...
...#... . #
.....
..###...
#....# ###
..# .##.. ..
#...#


You could see an ancient zyme.

Vanquished Creatures
  A great orb of eyes (D:8)
  Harold (D:7)
  A two-headed ogre (D:8)
  A glowing orange brain (Abyss:1)
  A black mamba (Lair:1)
  A spiny frog (Lair:1)
  A hippogriff (Lair:1)
  6 blink frogs
  2 wyverns (Lair:1)
  A yak (Lair:1)
  A basilisk (D:8)
  Menkaure (D:7)
  3 water moccasins (Lair:1)
  4 porcupines
  Duvessa (D:5)
  A sky beast (D:6)
  An ice beast (D:5)
  5 black bears
  2 phantoms
  A centaur (D:7)
  3 wolves
  3 crocodiles
  3 bullfrogs
  A gnoll sergeant (D:7)
  Dowan (D:5)
  2 scorpions (D:7)
  6 killer bees (D:7)
  3 crimson imps
  A bullfrog zombie (D:5)
  A gnoll shaman (D:4)
  4 hounds
  Crazy Yiuf (D:7)
  2 jellies
  An orc wizard (D:7)
  2 bullfrog skeletons (D:7)
  Ijyb (D:5)
  3 iguanas
  6 worker ants
  2 hound skeletons
  A hound zombie (D:6)
  3 howler monkey zombies
  7 adders
  21 gnolls
  2 river rats (D:5)
  2 shadow imps (D:7)
  An ooze (D:4)
  An adder zombie (D:7)
  3 adder skeletons
  4 worms
  10 dart slugs
  8 leopard geckos
  2 orcs
  4 bats
  8 giant cockroaches
  11 goblins
  7 hobgoblins
  2 jackals (D:5)
  5 quokkas
  6 ball pythons
  8 frilled lizards
  A jackal zombie (D:5)
  5 kobolds
  2 rats
206 creatures vanquished.

Vanquished Creatures (collateral kills)
  A blink frog (Lair:2)
  An air elemental (Abyss:1)
  2 small abominations (Abyss:1)
  A water moccasin (Lair:2)
  A black bear (D:8)
  2 wolves (Lair:2)
  A white imp (Abyss:1)
9 creatures vanquished.

Vanquished Creatures (others)
  Pikel (D:7)
  An ice beast (D:7)
  A worker ant (D:7)
  An orc (D:7)
  A bush (D:8)
  2 plants (D:8)
7 creatures vanquished.

Grand Total: 222 creatures vanquished

Notes
Turn   | Place    | Note
-------+----------+-------------------------------------------
     0 | D:1      | sahdkjhfkaj the Deep Dwarf Fighter began the quest for the
                  | Orb.
     0 | D:1      | Reached XP level 1. HP: 20/20 MP: 1/1
   355 | D:1      | Found a shimmering altar of Xom.
   384 | D:1      | Reached XP level 2. HP: 27/27 MP: 2/2
   817 | D:2      | Reached XP level 3. HP: 31/33 MP: 3/3
   958 | D:2      | Reached skill level 1 in Dodging
  1072 | D:2      | Reached XP level 4. HP: 42/42 MP: 4/4
  1690 | D:3      | Found a burning altar of Makhleb.
  1755 | D:3      | Became a worshipper of Makhleb the Destroyer
  2449 | D:4      | Reached XP level 5. HP: 36/49 MP: 5/5
  2625 | D:4      | Reached XP level 6. HP: 42/56 MP: 6/6
  2689 | D:4      | Found Woetresm's Magic Scroll Shop.
  2692 | D:4      | Bought a scroll of identify for 22 gold pieces
  2692 | D:4      | Bought a scroll of identify for 22 gold pieces
  2692 | D:4      | Bought a scroll of identify for 22 gold pieces
  2692 | D:4      | Bought a scroll of identify for 22 gold pieces
  2692 | D:4      | Bought a scroll of identify for 22 gold pieces
  2783 | D:4      | Reached * piety under Makhleb
  2889 | D:5      | Entered Level 5 of the Dungeon
  2889 | D:5      | Noticed Ijyb
  2890 | D:5      | Paralysed by Ijyb for 6 turns
  2907 | D:5      | Killed Ijyb
  2907 | D:5      | Reached skill level 5 in Shields
  2953 | D:5      | Found Axie's Magic Scroll Boutique.
  3047 | D:5      | Reached skill level 1 in Evocations
  3153 | D:5      | Noticed an ice beast
  3163 | D:5      | Killed an ice beast
  3243 | D:5      | Found a glowing drain.
  3247 | D:5      | Reached XP level 7. HP: 50/62 MP: 8/8
  3251 | Sewer    | Entered a sewer
  3467 | Sewer    | Reached skill level 5 in Evocations
  3838 | D:5      | Reached ** piety under Makhleb
  4074 | D:5      | Noticed Duvessa
  4074 | D:5      | Noticed Dowan
  4087 | D:5      | Killed Duvessa
  4087 | D:5      | Reached skill level 5 in Axes
  4092 | D:5      | Killed Dowan
  4226 | D:6      | Reached XP level 8. HP: 72/72 MP: 10/10
  4323 | D:6      | Found a staircase to the Ecumenical Temple.
  4470 | D:6      | Reached skill level 5 in Armour
  4756 | D:7      | Noticed Harold
  4888 | D:7      | Reached *** piety under Makhleb
  5053 | D:7      | Gained mutation: You passively map the area around you.
                  | [Deep Dwarf growth]
  5053 | D:7      | Reached XP level 9. HP: 74/79 MP: 9/9
  5134 | D:7      | Noticed Pikel
  5159 | D:7      | Killed Pikel
  5189 | D:7      | Killed Harold
  5189 | D:7      | Reached skill level 5 in Fighting
  5189 | D:7      | Reached skill level 5 in Dodging
  5385 | D:7      | Found a runed translucent door.
  5386 | D:7      | Noticed Crazy Yiuf
  5586 | D:7      | Noticed Menkaure
  5591 | D:7      | Killed Menkaure
  5675 | D:7      | Killed Crazy Yiuf
  5747 | D:8      | Found a staircase to the Lair.
  5788 | D:7      | Reached XP level 10. HP: 37/88 MP: 10/10
  5829 | D:8      | Reached **** piety under Makhleb
  5866 | Lair:1   | Entered Level 1 of the Lair of Beasts
  6011 | Lair:1   | Noticed a black mamba
  6026 | Lair:1   | Killed a black mamba
  6088 | Lair:1   | Reached skill level 1 in Invocations
  6178 | Lair:1   | Noticed a spiny frog
  6186 | Lair:1   | Reached skill level 2 in Invocations
  6194 | Lair:1   | Killed a spiny frog
  6194 | Lair:1   | Reached skill level 3 in Invocations
  6267 | Lair:1   | Reached skill level 4 in Invocations
  6542 | Lair:1   | Reached skill level 5 in Invocations
  6660 | Lair:2   | Reached skill level 6 in Invocations
  6662 | Lair:2   | Reached skill level 7 in Invocations
  6683 | Lair:2   | Reached skill level 8 in Invocations
  6841 | Lair:1   | Reached XP level 11. HP: 64/97 MP: 10/10
  6883 | D:8      | Noticed a two-headed ogre
  6890 | D:8      | Killed a two-headed ogre
  6890 | D:8      | Reached skill level 9 in Invocations
  6973 | D:8      | Noticed Psyche
  7005 | D:8      | Cast into level 1 of the Abyss (Psyche)
  7120 | Abyss:1  | Noticed a glowing orange brain
  7132 | Abyss:1  | Noticed a tentacled starspawn
  7132 | Abyss:1  | Killed a glowing orange brain
  7132 | Abyss:1  | Reached skill level 10 in Invocations
  7134 | Abyss:1  | Noticed a sixfirhy
  7220 | Abyss:1  | Noticed a great orb of eyes
  7223 | Abyss:1  | Noticed an eidolon
  7229 | D:8      | Escaped the Abyss
  7248 | D:8      | Killed a great orb of eyes
  7260 | D:8      | Cast into level 1 of the Abyss (Psyche)
  7270 | Abyss:1  | Noticed a thrashing horror
  7326 | Abyss:1  | HP: 4/97 [ancient zyme (3)]
  7332 | Abyss:1  | Slain by an ancient zyme

Illustrated notes

Levels and vault maps discovered:
D:1:      ncdulo_wetmaze, layout_basic, xom_teletrap_fun
D:2:      cheibrodos_helix_gallery, layout_rooms
D:3:      layout_basic, makhleb_heckhound_becter, first_ration,
          minmay_misc_feat_rugged, hex_tiny
D:4:      kennysheep_slugbush, layout_basic, serial_shops, kennysheep_mini_moat
D:5:      layout_basic, portal_sewer_entry_e, serial_shops, shop, uniq_ijyb,
          uniq_duvessa
D:6:      layout_rooms, minmay_temple_entry_glassed_door, minmay_misc_feat_x
D:7:      minmay_polygon_palace, layout_cave_pools, uniq_crazy_yiuf_cottage,
          uniq_menkaure, uniq_harold, uniq_pikel
D:8:      kennysheep_orc_sif_temple, layout_basic, minmay_lair_entry_grove,
          grunt_ogre_cave, minmay_orc_keep, uniq_psyche
Lair:1:   layout_cave_pods
Lair:2:   layout_cave_pods, guppyfry_snake_entry_garden, minivault_11,
          kennysheep_rathole, grunt_megastairs_3, infiniplex_staircase_pool
Abyss:1:  base: D:15, evilmike_abyss_exit_glass, base:
D:2

Skill      XL: |  1  2  3  4  5  6  7  8  9 10 11 |
---------------+----------------------------------+-----
Axes           | 3 4 5 6 8 9 |  9.2
Fighting       | 3 4 5 |  5.8
Dodging        | 1 2 3 4 5 6 |  6.0
Shields        | 4 5 7 8 9 |  9.4
Armour         | 4 5 6 7 |  7.1
Evocations     | 3 5 |  5.0
Invocations    | 8 10 | 10.9

Action                   |  1- 3 |  4- 6 |  7- 9 | 10-12 || total
-------------------------+-------+-------+-------+-------++-------
Melee: War axe           |   115 |   132 |   420 |   199 ||   866
Invok: Lesser Servant of |       |       |       |     1 ||     1
 Abil: Heal Wounds       |     1 |     2 |     5 |    17 ||    25
Evoke: Wand              |       |       |     2 |    10 ||    12
       Box of beasts     |       |       |       |     2 ||     2
  Use: Scroll            |       |    12 |     9 |     2 ||    23
       Potion            |       |       |     1 |       ||     1
 Stab: Betrayed ally     |       |       |     1 |       ||     1
       Paralysed         |       |       |       |     3 ||     3
  Eat: Chunk             |     1 |     6 |    10 |     3 ||    20
       Ration            |       |       |       |     1 ||     1
Armor: Scale mail        |    43 |    49 |    73 |       ||   165
       Chain mail        |       |       |   110 |   104 ||   214
Dodge: Dodged            |    50 |    55 |   219 |   122 ||   446
Block: Kite shield       |    70 |    86 |   325 |   189 ||   670
